 Dungeon Crawl Stone Soup version 0.22.0 (webtiles) character file.

17444 Blackhawk the Blocker (level 12, -3/97 HPs)
             Began as a Gnoll Fighter on Oct 21, 2018.
             Slain by an eight-headed hydra (4 damage)
             ... on level 2 of the Lair of Beasts.
             The game lasted 00:38:48 (14058 turns).

Blackhawk the Blocker (Gnoll Fighter)              Turns: 14058, Time: 00:38:48

Health: -3/97      AC: 18    Str: 23    XL:     12   Next: 48%
Magic:  22/22      EV: 10    Int: 10    God:
Gold:   866        SH: 14    Dex: 16    Spells: 25/25 levels left

rFire    + . .     SeeInvis .   H - +1 morningstar (flame)
rCold    . . .     Gourm    .   c - +0 shield
rNeg     . . .     Faith    .   M - +0 chain mail
rPois    .         Spirit   .   l - +2 helmet
rElec    +         Reflect  +   t - +0 cloak
rCorr    .         Harm     .   O - +2 pair of gloves
MR       .....                  (no boots)
Stlth    ..........             b - amulet "Ucano" {Reflect rElec Slay+3 SH+3}
HPRegen  0.26/turn              x - ring of fire
MPRegen  0.18/turn              i - ring of protection from cold

@: heavily drained
A: distributed training, fangs 1, strong nose
a: no special abilities


You were on level 2 of the Lair of Beasts.
You were not hungry.

You visited 2 branches of the dungeon, and saw 14 of its levels.

You collected 866 gold pieces.

Inventory:

Hand Weapons
 F - a +0 hunting sling
 H - a +1 morningstar of flaming (weapon)
 U - a +5 scimitar
Missiles
 k - 260 stones (quivered)
 L - 5 tomahawks
Armour
 c - a +0 shield (worn)
 l - a +2 helmet (worn)
 t - a +0 cloak (worn)
 M - a +0 chain mail (worn)
 O - a +2 pair of gloves (worn)
Jewellery
 b - the amulet "Ucano" (around neck) {Reflect rElec Slay+3 SH+3}
   (You acquired it on level 11 of the Dungeon)

   [amulet of reflection]

   It shields you and reflects attacks.
   It affects your accuracy and damage with ranged weapons and melee attacks
   (+3).
   It insulates you from electricity.
   It affects your SH (+3).
 i - a ring of protection from cold (right hand)
 x - a ring of fire (left hand)
Wands
 a - a wand of acid (7)
 g - a wand of digging (7)
 B - a wand of clouds (5)
 G - a wand of iceblast (31)
 J - a wand of enslavement (13)
 S - a wand of polymorph (14)
Scrolls
 e - 2 scrolls of remove curse
 h - 2 scrolls of enchant weapon
 j - a scroll of random uselessness
 n - 6 scrolls of teleportation
 p - 2 scrolls of enchant armour
 y - a scroll of identify
 z - 2 scrolls of amnesia
 A - 2 scrolls of fear
 D - a scroll of fog
 I - 4 scrolls of blinking
 R - a scroll of immolation {unknown}
Potions
 d - 2 potions of might
 m - 3 potions of ambrosia
 o - a potion of brilliance
 q - 7 potions of curing
 r - a potion of degeneration {unknown}
 u - 3 potions of lignification
 v - a potion of resistance
 w - 3 potions of invisibility
 C - 4 potions of flight
 E - a potion of berserk rage
 K - 3 potions of magic {unknown}
 P - 3 potions of agility {unknown}
 Q - a potion of haste {unknown}
 T - a potion of mutation {unknown}
Comestibles
 f - 14 rations
 N - 6 chunks of flesh


   Skills:
 + Level 9.8(7.8) Fighting
 + Level 7.2(5.3) Short Blades
 + Level 7.2(5.3) Long Blades
 + Level 8.6(6.7) Axes
 + Level 7.2(5.3) Maces & Flails
 + Level 7.2(5.3) Polearms
 + Level 7.2(5.3) Staves
 + Level 7.2(5.3) Slings
 + Level 7.2(5.3) Bows
 + Level 7.2(5.3) Crossbows
 + Level 7.2(5.3) Throwing
 + Level 9.8(7.8) Armour
 + Level 7.2(5.3) Dodging
 + Level 7.2(5.3) Stealth
 + Level 9.8(7.8) Shields
 + Level 7.2(5.3) Unarmed Combat
 + Level 7.2(5.3) Spellcasting
 + Level 6.0(4.2) Conjurations
 + Level 6.0(4.2) Hexes
 + Level 6.0(4.2) Charms
 + Level 6.0(4.2) Summonings
 + Level 6.0(4.2) Necromancy
 + Level 6.0(4.2) Translocations
 + Level 6.0(4.2) Transmutations
 + Level 6.0(4.2) Fire Magic
 + Level 6.0(4.2) Ice Magic
 + Level 6.0(4.2) Air Magic
 + Level 6.0(4.2) Earth Magic
 + Level 6.0(4.2) Poison Magic
 + Level 7.9(6.0) Invocations
 + Level 7.2(5.3) Evocations


You had 25 spell levels left.
You didn't know any spells.
Your spell library contained the following spells:

 Spells                   Type           Power        Failure   Level  Hunger
 Magic Dart               Conj           ##..         54%         1    None
 Fireball                 Conj/Fire      ###.......   100%        5    ######.
 Conjure Flame            Conj/Fire      ###.....     88%         3    ###....
 Slow                     Hex            ##......     67%         2    ##.....
 Throw Flame              Conj/Fire      ###...       67%         2    ##.....
 Throw Frost              Conj/Ice       ##....       67%         2    ##.....
 Mephitic Cloud           Conj/Pois/Air  ##......     88%         3    ###....
 Blink                    Tloc           N/A          67%         2    ##.....
 Freeze                   Ice            ##..         54%         1    None
 Sticky Flame             Conj/Fire      ###.....     99%         4    ####...
 Summon Ice Beast         Ice/Summ       ##......     99%         4    ####...
 Ozocubu's Armour         Chrm/Ice       ##......     88%         3    ###....
 Call Imp                 Summ           ##......     67%         2    ##.....
 Throw Icicle             Conj/Ice       ##......     99%         4    ####...
 Flame Tongue             Conj/Fire      ###..        54%         1    None
 Inner Flame              Hex/Fire       ###.....     88%         3    ###....


Dungeon Overview and Level Annotations

Branches:
Dungeon (12/15)            Temple (0/1) D:7            Lair (2/6) D:9
    Orc (0/2) D:9
  Swamp: Lair:2-4    Shoals: Lair:2-4     Snake: Lair:2-4    Spider: Lair:2-4

Altars:
Ashenzari
Cheibriados
Dithmenos
Gozag
Ru
Sif Muna
Yredelemnul

Annotations:
Lair:1 exclusion: 2 oklob plants
Lair:2 Nergalle


Innate Abilities, Weirdness & Mutations

Your experience applies equally to all skills.
You have very sharp teeth.
Your uncanny sense of smell can sniff out nearby items.


Message History

* * * LOW HITPOINT WARNING * * *
You feel drained.
The eight-headed hydra bites you but does no damage.
The eight-headed hydra bites you.
* * * LOW HITPOINT WARNING * * *
The eight-headed hydra bites you!
* * * LOW HITPOINT WARNING * * *
The eight-headed hydra bites you.
* * * LOW HITPOINT WARNING * * *
The eight-headed hydra bites you.
* * * LOW HITPOINT WARNING * * *
The eight-headed hydra barely misses you. x2
The eight-headed hydra bites you but does no damage.
You barely miss the spectral orc knight.
The spectral orc knight is severely damaged.
You block Nergalle's attack.
You block the spectral orc knight's attack.
The spectral orc warrior barely misses you.
The eight-headed hydra bites you.
You die...

###.... ..[.... ....... ### #
....... #.### .......
#######.##. ...#...##
##.#....###. ........###
###.......[...
........D.###.#.P.....#...
.#.....Zo@#.........#.#..P
.......ZZ#ZZ...#..........
.......Z..Z...###PP......#
#................####...#####
.##P...P............#P...###
.............P.#P...#...... ∆
.P.....#####.............#
#.....# ####.......#....#####
#.....###P##.......#....#.##.


You could see an eight-headed hydra, Nergalle, a spectral orc, 4 spectral orc
warriors and 2 spectral orc knights.

Vanquished Creatures
  A hydra (Lair:2)
  Erica (D:8)
  Pikel (D:5)
  An ugly thing (D:12)
  A spiny frog (Lair:1)
  2 kobold demonologists (D:9)
  A black mamba (Lair:1)
  4 komodo dragons
  A centaur skeleton (D:12)
  A rime drake (Lair:1)
  3 trolls
  3 hippogriffs
  A shadow (D:11)
  3 wyverns (D:12)
  22 yaks
  A wraith (D:9)
  A hungry ghost (D:8)
  2 vampire mosquitoes (D:12)
  An acid dragon (D:12)
  2 water moccasins (Lair:1)
  2 hell hounds (D:9)
  A porcupine (Lair:1)
  2 sky beasts
  2 orc warriors
  3 ice beasts
  A black bear (D:12)
  An eye of draining (D:9)
  A necrophage (D:5)
  3 phantoms
  3 slaves (D:5)
  6 ogres
  5 centaurs
  4 crocodiles
  10 bullfrogs
  3 big kobolds (D:9)
  A gnoll sergeant (D:8)
  6 scorpions
  10 killer bees
  13 wights
  2 howler monkeys
  A crimson imp (D:10)
  2 centaur zombies
  4 bullfrog zombies
  A quasit (D:10)
  Crazy Yiuf (D:7)
  6 hounds
  3 orc priests
  4 jellies
  12 orc wizards
  3 bullfrog skeletons
  3 iguanas
  12 worker ants
  A killer bee zombie (D:10)
  A worker ant zombie (D:5)
  7 adders
  3 gnolls (D:8)
  A howler monkey skeleton (D:7)
  2 shadow imps (D:5)
  An adder zombie (D:5)
  2 worms
  2 dart slugs
  6 leopard geckos
  32 orcs
  7 giant cockroaches
  7 goblins
  8 hobgoblins
  5 jackals
  4 quokkas
  2 bats
  4 frilled lizards (D:1)
  14 kobolds
  A quokka skeleton (D:5)
  4 rats
298 creatures vanquished.

Notes
Turn   | Place    | Note
-------+----------+-------------------------------------------
     0 | D:1      | Blackhawk the Gnoll Fighter began the quest for the Orb.
     0 | D:1      | Reached XP level 1. HP: 23/23 MP: 1/1
   138 | D:1      | Reached XP level 2. HP: 29/29 MP: 2/2
   742 | D:2      | Reached XP level 3. HP: 35/35 MP: 3/3
   954 | D:2      | Reached skill level 1 in Invocations
  1234 | D:2      | Reached skill level 1 in Short Blades
  1234 | D:2      | Reached skill level 1 in Long Blades
  1234 | D:2      | Reached skill level 1 in Maces & Flails
  1234 | D:2      | Reached skill level 1 in Polearms
  1234 | D:2      | Reached skill level 1 in Staves
  1234 | D:2      | Reached skill level 1 in Slings
  1234 | D:2      | Reached skill level 1 in Bows
  1234 | D:2      | Reached skill level 1 in Crossbows
  1234 | D:2      | Reached skill level 1 in Throwing
  1234 | D:2      | Reached skill level 1 in Dodging
  1234 | D:2      | Reached skill level 1 in Stealth
  1234 | D:2      | Reached skill level 1 in Unarmed Combat
  1234 | D:2      | Reached skill level 1 in Spellcasting
  1234 | D:2      | Reached skill level 1 in Evocations
  1234 | D:2      | Reached XP level 4. HP: 41/41 MP: 5/5
  1768 | D:3      | Found a sacrificial altar of Ru.
  1773 | D:3      | Found an opulent altar of Gozag.
  1802 | D:3      | Found a deep blue altar of Sif Muna.
  1805 | D:3      | Found a snail-covered altar of Cheibriados.
  2156 | D:4      | Reached skill level 1 in Conjurations
  2156 | D:4      | Reached skill level 1 in Hexes
  2156 | D:4      | Reached skill level 1 in Charms
  2156 | D:4      | Reached skill level 1 in Summonings
  2156 | D:4      | Reached skill level 1 in Necromancy
  2156 | D:4      | Reached skill level 1 in Translocations
  2156 | D:4      | Reached skill level 1 in Transmutations
  2156 | D:4      | Reached skill level 1 in Fire Magic
  2156 | D:4      | Reached skill level 1 in Ice Magic
  2156 | D:4      | Reached skill level 1 in Air Magic
  2156 | D:4      | Reached skill level 1 in Earth Magic
  2156 | D:4      | Reached skill level 1 in Poison Magic
  2156 | D:4      | Reached XP level 5. HP: 43/47 MP: 6/6
  2230 | D:4      | Noticed a phantom
  2263 | D:4      | Killed a phantom
  2263 | D:4      | Reached XP level 6. HP: 6/53 MP: 8/8
  2598 | D:4      | Reached skill level 5 in Axes
  3011 | D:4      | Reached XP level 7. HP: 55/59 MP: 10/10
  3256 | D:5      | Entered Level 5 of the Dungeon
  3671 | D:5      | Noticed Pikel
  3703 | D:5      | Killed Pikel
  3703 | D:5      | Reached XP level 8. HP: 8/67 MP: 12/12
  4663 | D:6      | Reached XP level 9. HP: 72/72 MP: 14/14
  4946 | D:6      | Found a shattered altar of Ashenzari.
  5450 | D:7      | Found a staircase to the Ecumenical Temple.
  5540 | D:7      | Found a runed door.
  6171 | D:7      | Noticed Crazy Yiuf
  6175 | D:7      | Killed Crazy Yiuf
  6493 | D:8      | Noticed Erica
  6508 | D:8      | Killed Erica
  6508 | D:8      | Reached skill level 5 in Invocations
  6508 | D:8      | Reached XP level 10. HP: 41/80 MP: 15/17
  7205 | D:9      | Found a basalt altar of Yredelemnul.
  7397 | D:9      | Reached skill level 5 in Short Blades
  7397 | D:9      | Reached skill level 5 in Long Blades
  7397 | D:9      | Reached skill level 5 in Maces & Flails
  7397 | D:9      | Reached skill level 5 in Polearms
  7397 | D:9      | Reached skill level 5 in Staves
  7397 | D:9      | Reached skill level 5 in Slings
  7397 | D:9      | Reached skill level 5 in Bows
  7397 | D:9      | Reached skill level 5 in Crossbows
  7397 | D:9      | Reached skill level 5 in Throwing
  7397 | D:9      | Reached skill level 5 in Dodging
  7397 | D:9      | Reached skill level 5 in Stealth
  7397 | D:9      | Reached skill level 5 in Unarmed Combat
  7397 | D:9      | Reached skill level 5 in Spellcasting
  7397 | D:9      | Reached skill level 5 in Evocations
  7522 | D:9      | Noticed a kobold demonologist
  7588 | D:9      | Noticed a kobold demonologist
  7599 | D:9      | Killed a kobold demonologist
  7829 | D:9      | Noticed an orange demon
  7840 | D:9      | Noticed a sun demon
  7841 | D:9      | Killed a kobold demonologist
  8325 | D:9      | Found a staircase to the Lair.
  8448 | D:9      | Found a staircase to the Orcish Mines.
  8821 | D:9      | Found a shadowy altar of Dithmenos.
  8899 | D:10     | Entered Level 10 of the Dungeon
  8957 | D:10     | Reached XP level 11. HP: 72/87 MP: 19/19
  9595 | D:10     | Reached skill level 5 in Conjurations
  9595 | D:10     | Reached skill level 5 in Hexes
  9595 | D:10     | Reached skill level 5 in Charms
  9595 | D:10     | Reached skill level 5 in Summonings
  9595 | D:10     | Reached skill level 5 in Necromancy
  9595 | D:10     | Reached skill level 5 in Translocations
  9595 | D:10     | Reached skill level 5 in Transmutations
  9595 | D:10     | Reached skill level 5 in Fire Magic
  9595 | D:10     | Reached skill level 5 in Ice Magic
  9595 | D:10     | Reached skill level 5 in Air Magic
  9595 | D:10     | Reached skill level 5 in Earth Magic
  9595 | D:10     | Reached skill level 5 in Poison Magic
 11241 | D:11     | Identified a scroll of acquirement
 11242 | D:11     | Got an ancient jade amulet
 11253 | D:11     | Identified the amulet "Ucano" {Reflect rElec Slay+3 SH+3} (You acquired it on level 11 of the Dungeon)
 12291 | D:12     | Reached XP level 12. HP: 86/96 MP: 22/22
 12685 | Lair:1   | Entered Level 1 of the Lair of Beasts
 13849 | Lair:2   | Noticed a four-headed hydra
 13855 | Lair:2   | Killed a four-headed hydra
 14043 | Lair:2   | Noticed Nergalle
 14043 | Lair:2   | Noticed an eight-headed hydra
 14054 | Lair:2   | HP: 4/97 [eight-headed hydra (1)]
 14057 | Lair:2   | HP: 1/97 [eight-headed hydra (4)]
 14058 | Lair:2   | Slain by an eight-headed hydra

Skill      XL: |  1  2  3  4  5  6  7  8  9 10 11 12 |
---------------+-------------------------------------+-----
Invocations    | 1 2 3 4 5 6 7 |  7.9
Short Blades   | 1 2 3 4 5 6 7 |  7.2
Long Blades    | 1 2 3 4 5 6 7 |  7.2
Maces & Flails | 1 2 3 4 5 6 7 |  7.2
Polearms       | 1 2 3 4 5 6 7 |  7.2
Staves         | 1 2 3 4 5 6 7 |  7.2
Slings         | 1 2 3 4 5 6 7 |  7.2
Bows           | 1 2 3 4 5 6 7 |  7.2
Crossbows      | 1 2 3 4 5 6 7 |  7.2
Throwing       | 1 2 3 4 5 6 7 |  7.2
Dodging        | 1 2 3 4 5 6 7 |  7.2
Stealth        | 1 2 3 4 5 6 7 |  7.2
Unarmed Combat | 1 2 3 4 5 6 7 |  7.2
Spellcasting   | 1 2 3 4 5 6 7 |  7.2
Evocations     | 1 2 3 4 5 6 7 |  7.2
Conjurations   | 1 2 3 4 5 6 |  6.0
Hexes          | 1 2 3 4 5 6 |  6.0
Charms         | 1 2 3 4 5 6 |  6.0
Summonings     | 1 2 3 4 5 6 |  6.0
Necromancy     | 1 2 3 4 5 6 |  6.0
Translocations | 1 2 3 4 5 6 |  6.0
Transmutations | 1 2 3 4 5 6 |  6.0
Fire Magic     | 1 2 3 4 5 6 |  6.0
Ice Magic      | 1 2 3 4 5 6 |  6.0
Air Magic      | 1 2 3 4 5 6 |  6.0
Earth Magic    | 1 2 3 4 5 6 |  6.0
Poison Magic   | 1 2 3 4 5 6 |  6.0
Axes           | 5 6 7 8 |  8.6
Fighting       | 7 8 9 |  9.8
Armour         | 7 8 9 |  9.8
Shields        | 7 8 9 |  9.8

Action                   |  1- 3 |  4- 6 |  7- 9 | 10-12 || total
-------------------------+-------+-------+-------+-------++-------
Melee: War axe           |    83 |   109 |   303 |   536 ||  1031
       Bite              |    12 |     8 |    38 |   146 ||   204
       Scimitar          |       |       |       |   315 ||   315
       Morningstar       |       |       |       |    11 ||    11
  Use: Potion            |       |       |       |     3 ||     3
       Scroll            |       |       |       |    24 ||    24
  Eat: Chunk             |     1 |     6 |     8 |    22 ||    37
       Ration            |       |       |     1 |     3 ||     4
Armor: Scale mail        |    23 |    38 |    82 |       ||   143
       Chain mail        |       |       |    50 |   414 ||   464
Dodge: Dodged            |    16 |    29 |   110 |   305 ||   460
Block: Shield            |    44 |    51 |   179 |   648 ||   922
       Rpst.: Scimitar   |       |       |       |    31 ||    31
